 Dungeon Crawl Stone Soup version 0.23-a0-4-g8f018a2 (webtiles) character file.

145 inc the Conjurer (level 5, 0/35 HPs)
             Began as a Mummy Fire Elementalist on July 31, 2018.
             Killed from afar by an orc wizard (4 damage)
             ... with a puff of flame
             ... on level 4 of the Dungeon.
             The game lasted 00:04:47 (3019 turns).

inc the Conjurer (Mummy Fire Elementalist)          Turns: 3019, Time: 00:04:47

Health: 0/35       AC:  3    Str: 12    XL:     5   Next: 6%
Magic:  2/9        EV: 12    Int: 15    God:
Gold:   88         SH:  0    Dex: 12    Spells: 1/9 levels left

rFire    x . .     SeeInvis .   p - +2 short sword (flame)
rCold    + . .     Gourm    .   (no shield)
rNeg     + + +     Faith    .   a - +0 robe
rPois    ∞         Spirit   .   (no helmet)
rElec    .         Reflect  .   (no cloak)
rCorr    .         Harm     .   c - +0 pair of gloves
MR       .....                  (no boots)
Stlth    ++........             (no amulet)
HPRegen  0.11/turn              (no ring)
MPRegen  0.11/turn              (no ring)

@: no status effects
A: no food or potions, fire vulnerability, cold resistance 1, negative energy
resistance 3, torment resistance, unbreathing
a: no special abilities


You were on level 4 of the Dungeon.
You were not hungry.

You visited 1 branch of the dungeon, and saw 4 of its levels.

You collected 88 gold pieces.

Inventory:

Hand Weapons
 b - a +0 spear
 g - a +0 short sword
 p - a +2 short sword of flaming (weapon)
Armour
 a - a +0 robe (worn)
 c - a +0 pair of gloves (worn)
 n - a +0 buckler
Jewellery
 o - an uncursed ring of teleportation
Scrolls
 d - 2 scrolls of identify
 i - a scroll of magic mapping
 j - a scroll of immolation


   Skills:
 - Level 1.5 Dodging
 - Level 1.5 Stealth
 - Level 2.6 Spellcasting
 + Level 3.8 Conjurations
 + Level 2.7 Fire Magic


You had one spell level left.
You knew the following spells:

 Your Spells              Type           Power        Failure   Level  Hunger
a - Flame Tongue          Conj/Fire      ##...        5%          1    N/A
b - Conjure Flame         Conj/Fire      ##......     16%         3    N/A
c - Sticky Flame          Conj/Fire      ##......     45%         4    N/A

Your spell library contained the following spells:

 Spells                   Type           Power        Failure   Level  Hunger
 Fireball                 Conj/Fire      ##........   82%         5    N/A
 Throw Flame              Conj/Fire      ##....       8%          2    N/A
 Inner Flame              Hex/Fire       #.......     34%         3    N/A

Dungeon Overview and Level Annotations

Branches:
Dungeon (4/15)
 Temple: D:4-7

Altars:
Ashenzari
Trog


Innate Abilities, Weirdness & Mutations

You do not eat or drink.
Your flesh is vulnerable to fire.
You are immune to poison.
Your flesh is cold resistant. (rC+)
You are immune to negative energy. (rN+++)
You are immune to unholy pain and torment.
You can survive without breathing.


Message History

Casting: Flame Tongue (safe; 6% risk of failure)
Confirm with . or Enter, or press ? or * to list all spells.
Aiming: Flame Tongue (safe; 6% risk of failure)
Press: ? - help, Shift-Dir - straight line, f/p - orc priest
Aim: an orc priest (almost dead)
The flame tongue misses the orc priest.
The orc priest hits you.
* * * LOW HITPOINT WARNING * * *
Casting: Flame Tongue (safe; 6% risk of failure)
Confirm with . or Enter, or press ? or * to list all spells.
Aiming: Flame Tongue (safe; 6% risk of failure)
Press: ? - help, Shift-Dir - straight line, f/p - orc priest
Aim: an orc priest (almost dead)
The flame tongue hits the orc priest.
You kill the orc priest!
You have reached level 5!
You feel stronger. The orc wizard misses you.
The orc wizard casts a spell at you. The puff of flame hits you!
The fire burns you terribly!
You die...

.. # .. .#
.#..# ###.#..#
......###
#....>...
##o)..#
##.....#
#.#####@.....#
#.....<......#
#....###......#
... ##...### #
###.# .# .#


You could see an orc wizard.

Vanquished Creatures
  An orc priest (D:4)
  3 adders (D:3)
  An ooze (D:3)
  2 worms
  A dart slug (D:3)
  A leopard gecko (D:2)
  11 orcs
  2 ball pythons (D:1)
  4 giant cockroaches
  3 goblins
  10 hobgoblins
  2 jackals (D:3)
  A quokka (D:3)
  8 bats
  3 frilled lizards
  3 kobolds
  7 rats
63 creatures vanquished.

Notes
Turn   | Place    | Note
-------+----------+-------------------------------------------
     0 | D:1      | inc the Mummy Fire Elementalist began the quest for the Orb.
     0 | D:1      | Reached XP level 1. HP: 13/13 MP: 4/4
    44 | D:1      | Reached skill level 1 in Conjurations
   505 | D:1      | Reached XP level 2. HP: 19/19 MP: 2/5
   974 | D:2      | Reached skill level 2 in Conjurations
  1343 | D:2      | Reached XP level 3. HP: 24/24 MP: 2/7
  1953 | D:3      | Reached skill level 3 in Conjurations
  2436 | D:3      | Reached XP level 4. HP: 24/30 MP: 3/8
  2705 | D:3      | Learned a level 3 spell: Conjure Flame
  2710 | D:3      | Learned a level 4 spell: Sticky Flame
  2824 | D:3      | Found a bloodstained altar of Trog.
  2832 | D:3      | Found a shattered altar of Ashenzari.
  3017 | D:4      | Reached XP level 5. HP: 4/35 MP: 2/9
  3019 | D:4      | Killed from afar by an orc wizard

Vault maps used:
D:1:      ncdulo_smallfort, minmay_misc_feat_rows, bh_walls_and_bars
D:3:      gammafunk_temple_overflow_pools, kennysheep_generic_room_14
D:4:      makhleb_altar_promises_db, serial_shops, nicolae_shop_stone,
          fedhas_bush_and_centaur_altar, uniq_menkaure

Skill      XL: |  1  2  3 |
---------------+----------+-----
Conjurations   | 1 2 3 |  3.8
Dodging        | |  1.5
Stealth        | |  1.5
Spellcasting   | |  2.6
Fire Magic     | |  2.7

Action                   |  1- 3 |  4- 6 || total
-------------------------+-------+-------++-------
Melee: Spear             |    35 |       ||    35
       Short sword       |       |    10 ||    10
 Cast: Flame Tongue      |    75 |    44 ||   119
  Use: Scroll            |       |     3 ||     3
Armor: Robe              |    18 |     6 ||    24
Dodge: Dodged            |    47 |    36 ||    83

Table legend:
 A = Spawn XP
 B = Non-spawn XP
 C = Spawn XP percentage of total XP
 D = Spawn monster count
 E = Non-spawn monster count
 F = Spawn count percentage of total count
 G = Total turns spent on level
                    A         B        C        D         E        F      G
               +---------+---------+-------+---------+---------+-------+---------
         Total |       0 |     208 |   0.0 |       0 |      63 |   0.0 |  3019
               +---------+---------+-------+---------+---------+-------+---------
           D:1 |       0 |      19 |   0.0 |       0 |      12 |   0.0 |   903
           D:2 |       0 |      28 |   0.0 |       0 |      15 |   0.0 |  1118
           D:3 |       0 |     115 |   0.0 |       0 |      34 |   0.0 |   987
           D:4 |       0 |      46 |   0.0 |       0 |       2 |   0.0 |    11
               +---------+---------+-------+---------+---------+-------+---------
